 Dungeon Crawl Stone Soup version 0.31-a0-818-ge7c7cf74f0 (webtiles) character file.

Game seed: 5331910932223067297

400 Goofygoober the Slasher (level 6, -3/46 HPs)
             Began as a Demonspawn Reaver on Sept 22, 2023.
             Killed from afar by an electric eel (12 damage)
             ... with a bolt of electricity
             ... on level 4 of the Dungeon.
             The game lasted 00:19:53 (2145 turns).

Goofygoober the Slasher (Demonspawn Reaver)         Turns: 2145, Time: 00:19:54

Health: -3/46      AC:  6    Str: 12    XL:     6   Next: 54%
Magic:  9/9        EV: 12    Int: 17    God:
Gold:   123        SH:  0    Dex: 11    Spells: 2/9 levels left

rFire   . . .        q - +1 whip (venom)
rCold   . . .        (no shield)
rNeg    . . .        k - +0 ring mail
rPois   .            r - +0 helmet
rElec   .            (no cloak)
rCorr   .            (no gloves)
SInv    .            (no boots)
Will    .....        (no amulet)
Stlth   +            (no ring)
HPRegen 0.27/turn    (no ring)
MPRegen 0.11/turn

%: no passive effects
@: no status effects
A: sturdy frame 2, demonic magic 1, demonic touch 1
a: no special abilities


You were on level 4 of the Dungeon.
You visited 1 branch of the dungeon, and saw 4 of its levels.

You collected 123 gold pieces.

Inventory:

Hand Weapons
 a - a +0 falchion
 o - a +0 scythe
 p - a +1 dagger of draining
 q - a +1 whip of venom (weapon)
Armour
 b - a +0 leather armour
 g - a +0 robe of fire resistance
 k - a +0 ring mail (worn)
 r - a +0 helmet (worn)
Talismans
 j - a beast talisman
Wands
 n - a wand of quicksilver (2)
 t - a wand of flame (10)
Scrolls
 c - a scroll of immolation {unknown}
 d - a scroll of vulnerability {unknown}
 e - 3 scrolls of blinking {unknown}
 h - a scroll of identify {unknown}
 i - a scroll of fear {unknown}
 m - a scroll of butterflies {unknown}
Potions
 f - 2 potions of magic {unknown}
 l - a potion of curing {unknown}
 s - a potion of might {unknown}


   Skills:
 + Level 2.9 Fighting
 + Level 4.6 Long Blades
 + Level 0.1 Maces & Flails
 + Level 1.2 Armour
 + Level 2.4 Dodging
 + Level 1.0 Stealth
 + Level 2.3 Spellcasting
 * Level 4.3 Conjurations
 + Level 0.2 Hexes
 + Level 0.1 Ice Magic
 + Level 0.7 Evocations


You had 2 spell levels left.
You knew the following spells:

 Your Spells              Type           Power      Damage    Failure   Level
a - Kiss of Death         Conj/Necr      36%        2d8       9%          1
b - Hailstorm             Conj/Ice       9%         3d4       26%         3
c - Dazzling Flash        Conj/Hex       18%        N/A       26%         3

Your spell library contained the following spells:

 Spells                   Type           Power      Damage    Failure   Level
 Momentum Strike          Conj/Tloc      18%        3d8       13%         2
 Ensorcelled Hibernation  Hex/Ice        4%         N/A       30%         2
 Passwall                 Tmut/Erth      0%         N/A       32%         2
 Gell's Gravitas          Tloc           1%         N/A       54%         3
 Swiftness                Air            1%         N/A       54%         3
 Teleport Other           Tloc           1%         N/A       54%         3
 Conjure Ball Lightning   Conj/Air       4%         3x3d6     100%        6
 Dispersal                Tloc           0%         N/A       100%        6
 Haunt                    Necr/Summ      0%         N/A       100%        7


Dungeon Overview and Level Annotations

Branches:
Dungeon (4/15)
 Temple: D:4-7

Altars:

Shops:
D:3 [

Annotations:
D:4 1 transporter


Innate Abilities, Weirdness & Mutations

Your movements are less encumbered by armour. (ER -4)
Spells you cast may paralyse adjacent enemies.
Your touch may inflict minor irresistible damage on your foes.


Message History

Your punch misses the ball python. The ball python barely misses you.
The ball python constricts you. The ball python bites you.
The ball python constricts you.
You barely miss the ball python.
You hear the slow hiss of a very distant avalanche of sand.
The ball python bites you. The ball python constricts you.
You hit the ball python.
You kill the ball python!
There is a transporter here.
You enter the transporter and appear at another place.
t - a wand of flame (12)
There is a transporter landing site here.
You open the door.
The electric eel shoots out a bolt of lightning at you!
The bolt of electricity misses you. The bolt of electricity hits you!
The bolt of electricity hits the plant!
The plant begins to die.
The electric eel shoots out a bolt of lightning at you!
The bolt of electricity hits you! x2; The bolt of electricity hits the plant!
The plant begins to die.
There is an open door here.
The electric eel shoots out a bolt of lightning at you!
The bolt of electricity hits you!
* * * LOW HITPOINT WARNING * * *
Aiming: Throw Flame
Press: ? - help, Q - select action, (/) - cycle Shift-Dir - straight line, f - electric eel
Aim: an electric eel (48% to hit)
The puff of flame misses the electric eel.
A nearby plant withers and dies.
The electric eel is engulfed in a cloud of scalding steam.
Aiming: Throw Flame
Press: ? - help, Q - select action, (/) - cycle Shift-Dir - straight line, f/p - electric eel
Aim: an electric eel (steam, almost dead, 48% to hit)
The puff of flame hits the electric eel.
You kill the electric eel!
You hear a splash.
The electric eel shoots out a bolt of lightning at you!
The bolt of electricity hits you.
* * * LOW HITPOINT WARNING * * *
The bolt of electricity hits you!
You die...

#...##..# #+# ..
+.......##..#........
...........#...........+....$...
...........#.......... #.......
....................####......
....###############.#.......#
....#8P#~~~~~~S#P8#.........+
....#..#.......#@.#.........#
>..©#©:+...♣...'.©#©...)....#
....#..#.......#..#.........#
....#8P#~~~~~S§#~8#.........+
....###############.........#
............................#####
.....#....#.....#.....##+#......#
.....##+#######+#.....# +..<...#
...... .......# #......#


You could see 2 electric eels.

Vanquished Creatures
  Sigmund (D:3)
  An ogre (D:4)
  A scorpion (D:3)
  An electric eel (D:4)
  Robin (D:3)
  6 adders
  A dart slug (D:2)
  2 orcs (D:3)
  2 endoplasms (D:3)
  11 goblins
  6 hobgoblins
  2 quokkas (D:3)
  4 ball pythons
  A bat (D:3)
  A frilled lizard (D:2)
  3 kobolds
  A rat (D:2)
45 creatures vanquished.

Notes
Turn   | Place    | Note
-------+----------+-------------------------------------------
     0 | D:1      | Goofygoober the Demonspawn Reaver began the quest for the
                  | Orb.
     0 | D:1      | Reached XP level 1. HP: 16/16 MP: 3/3
    98 | D:1      | You fall into a shaft and drop 1 floor!
   317 | D:2      | Gained mutation: Your movements are slightly less
                  | encumbered by armour. (ER -2) [demonic ancestry]
   317 | D:2      | Reached XP level 2. HP: 15/22 MP: 5/5
   402 | D:2      | Found a faded altar of an unknown god.
   588 | D:2      | Got a resplendent book
   928 | D:3      | Gained mutation: Your movements are less encumbered by
                  | armour. (ER -4) [demonic ancestry]
   928 | D:3      | Reached XP level 3. HP: 15/17 MP: 4/6
  1051 | D:3      | Noticed a scorpion
  1065 | D:3      | Killed a scorpion
  1066 | D:3      | Gained mutation: Your touch may inflict minor irresistible
                  | damage on your foes. [demonic ancestry]
  1066 | D:3      | Reached XP level 4. HP: 19/31 MP: 5/7
  1528 | D:3      | Found Inleakh's Armour Emporium.
  1576 | D:3      | Learned a level 3 spell: Hailstorm
  1580 | D:3      | Learned a level 3 spell: Dazzling Flash
  1614 | D:3      | Gained mutation: Spells you cast may paralyse adjacent
                  | enemies. [demonic ancestry]
  1614 | D:3      | Reached XP level 5. HP: 38/38 MP: 8/8
  1621 | D:3      | Noticed Robin
  1636 | D:3      | Killed Robin
  1661 | D:3      | Noticed Sigmund
  1702 | D:3      | Killed Sigmund
  1703 | D:3      | Reached skill level 1 in Armour
  1703 | D:3      | Reached XP level 6. HP: 7/46 MP: 9/9
  2029 | D:4      | Found a transporter.
  2041 | D:4      | Reached skill level 1 in Stealth
  2096 | D:4      | Found a transporter.
  2145 | D:4      | Killed from afar by an electric eel

Illustrated notes

Levels and vault maps discovered:
D:1:      minmay_arrival_hallway, layout_loops_corners, nrook_campfire
D:2:      layout_basic, chequers_ecumenical_altar_island, grunt_decor_junction,
          minmay_misc_feat_cross, grunt_decor_mini_mirrors, minivault_23,
          minmay_tetromino_s4
D:3:      minmay_skewed_foursquare, layout_basic, serial_shops, shop_fountains,
          uniq_robin, uniq_sigmund, uniq_crazy_yiuf_cottage
D:4:      gammafunk_steamed_eel, layout_gridville, mainiacjoe_overflow_brackets,
          nicolae_ossuary_entry_giza

Skill      XL: |  1  2  3  4  5  6 |
---------------+-------------------+-----
Long Blades    | 3 4 |  4.6
Dodging        | 2 |  2.4
Armour         | 1 |  1.2
Conjurations   | 4 |  4.3
Stealth        | 1 |  1.0
Fighting       | |  2.9
Maces & Flails | |  0.1
Spellcasting   | |  2.3
Hexes          | |  0.2
Ice Magic      | |  0.1
Evocations     | |  0.7

Action                     |  1- 3 |  4- 6 || total
---------------------------+-------+-------++-------
  Melee: Falchion          |    66 |    45 ||   111
         Punch             |     1 |     1 ||     2
         Touch             |       |     8 ||     8
         Whip              |       |     7 ||     7
   Cast: Kiss of Death     |     4 |       ||     4
         Dazzling Flash    |       |     1 ||     1
         Hailstorm         |       |     1 ||     1
  Evoke: Wand              |       |     9 ||     9
 Armour: Leather armour    |    24 |       ||    24
         Robe              |    10 |       ||    10
         Ring mail         |     5 |    51 ||    56
  Dodge: Dodged            |    46 |    43 ||    89

Table legend: (Time is in decaauts)
 A = Elapsed time spent in this place.
 B = Non-inter-level travel time spent in this place.
 C = Inter-level travel time spent in this place.
 D = Time resting spent in this place.
 E = Time spent auto-exploring this place.
 F = Levels seen in this place.
 G = Mean time per level.
                   A        B        C        D        E       F      G
               +--------+--------+--------+--------+--------+-----+--------+
         Total |   2167 |   2167 |      0 |      0 |      0 |   4 |  541.8 |
       Dungeon |   2167 |   2167 |      0 |      0 |      0 |   4 |  541.8 |
               +--------+--------+--------+--------+--------+-----+--------+

Top non-repeatable levels by time:
     D:3: 1234 daAuts
     D:2: 650 daAuts
     D:4: 184 daAuts
     D:1: 98 daAuts
